 Dungeon Crawl Stone Soup version 0.31-a0-255-g9c3d1c461a (webtiles) character file.

Game seed: 7438634879002338806

176 qw the Shooter (level 5, -5/31 HPs)
             Began as a Gargoyle Hexslinger on July 12, 2023.
             Killed by divine providence
             ... invoked by an orc priest
              (10 damage)
             ... on level 4 of the Dungeon.
             The game lasted 00:01:01 (2575 turns).

qw the Shooter (Gargoyle Hexslinger)                Turns: 2575, Time: 00:01:02

Health: -5/31      AC: 11    Str: 14    XL:     5   Next: 56%
Magic:  2/2        EV: 11    Int: 22    God:
Gold:   220        SH:  0    Dex: 14    Spells: 5/6 levels left

rFire   . . .        Y - +3 orcbow (antimagic)
rCold   + . .        (shield currently unavailable)
rNeg    + . .        i - +0 leather armour
rPois   inf          (no helmet)
rElec   +            (no cloak)
rCorr   .            h - +2 pair of gloves of the Other Side {rC+ Int+3 Stlth-}
SInv    .            d - +0 pair of boots of Terror {*Slow Will+ Str+2 Int+6}
Will    +....        (no amulet) Stlth
                     (no ring)
HPRegen 0.25/turn    (no ring)
MPRegen 0.08/turn

%: slow self (1%)
@: about to teleport
A: sickness immunity, AC +4, negative energy resistance 1, electricity
resistance, torment resistance 1, petrification resistance
a: no special abilities


You were on level 4 of the Dungeon.
You visited 1 branch of the dungeon, and saw 4 of its levels.

You collected 220 gold pieces.


Innate Abilities, Weirdness & Mutations

You are immune to sickness and miasma.
Your stone body is resilient. (AC +4)
You are immune to poison.
You resist negative energy. (rN+)
You are resistant to electric shocks. (rElec)
You are resistant to unholy torment.
You are immune to petrification.


   Skills:
 + Level 2.7 Fighting
 - Level 5.0 Ranged Weapons
 - Level 1.5 Dodging
 - Level 1.0 Spellcasting
 - Level 2.6 Hexes


You had 5 spell levels left.
You knew the following spells:

 Your Spells              Type           Power      Damage    Failure   Level
a - Slow                  Hex            48%        N/A       6%          1

Your spell library contained the following spells:

 Spells                   Type           Power      Damage    Failure   Level
 Inner Flame              Hex/Fire       7%         N/A       32%         3
 Portal Projectile        Hex/Tloc       14%        N/A       32%         3
 Cause Fear               Hex            6%         N/A       54%         4

Inventory:

Hand Weapons
 Y - a +3 antimagic orcbow (weapon)
Armour
 d - the +0 pair of boots of Terror (worn) {*Slow Will+ Str+2 Int+6}
   (You acquired it on level 2 of the Dungeon)

   Str:       It affects your strength (+2).
   Int:       It affects your intelligence (+6).
   *Slow:     It may slow you when you take damage.
   Will:      It increases your willpower.
 h - the +2 pair of gloves of the Other Side (worn) {rC+ Int+3 Stlth-}
   (You acquired it on level 2 of the Dungeon)

   Int:       It affects your intelligence (+3).
   rC:        It protects you from cold.
   Stlth:     It makes you less stealthy.
 i - a +0 leather armour (worn)
Scrolls
 e - a scroll of identify
Potions
 a - 2 potions of might {unknown}
 b - a potion of enlightenment
 f - a potion of degeneration {unknown}
 g - a potion of curing {unknown}
 k - a potion of resistance {unknown}

Dungeon Overview and Level Annotations

Branches:
Dungeon (4/15)
 Temple: D:4-7

Altars:
Kikubaaqudgha
Makhleb
Uskayaw
Vehumet
Yredelemnul

Shops:
D:2 =   D:4 =


Message History

You kill the orc!
You shoot an arrow.
The arrow hits the orc wizard but does no damage.
The orc priest miscasts a cantrip.
You shoot an arrow.
The arrow completely misses the orc wizard.
The orc wizard gestures at you while chanting.
You resist with almost no effort.
You shoot an arrow. The arrow hits the orc wizard.
The orc wizard's magic leaks into the air.
The orc wizard is moderately wounded.
The orc priest invokes the aid of Beogh against you.
Beogh smites you!
Ouch! That really hurt!
The orc wizard falters for a moment.
You shoot an arrow. The arrow hits the orc wizard!
You kill the orc wizard!
You shoot an arrow. The arrow hits the orc.
The orc is heavily wounded.
You shoot an arrow. The arrow hits the orc.
The orc is severely wounded.
The orc barely misses you.
You shoot an arrow. The arrow hits the orc.
The orc is almost dead.
The orc closely misses you. x2
The orc priest looks braver for a moment.
You shoot an arrow. The arrow hits the orc.
You kill the orc!
The orc priest begins to cast a cantrip, but forgets the words!
You shoot an arrow. The arrow hits the orc.
The orc is heavily wounded.
The orc priest invokes the aid of Beogh against you.
Beogh smites you!
2575 ||| READING scroll of teleportation.
As you read the scroll of teleportation, it crumbles to dust.
You feel strangely unstable. The orc barely misses you.
The orc priest invokes the aid of Beogh against you.
Beogh smites you!
You die...

#.############
#.)o@........#
..).o##########.# ..#
#)# #.##### #.....#
#####.# ########## #.#
..........####.####
+...........(.+.....>..


You could see an orc priest and an orc.

Vanquished Creatures
  A hound (D:4)
  An orc wizard (D:4)
  4 adders
  2 worms (D:2)
  2 orcs (D:4)
  4 ball pythons (D:1)
  9 endoplasms
  2 giant cockroaches
  5 goblins
  7 hobgoblins
  7 jackals
  3 quokkas (D:1)
  10 bats
  4 frilled lizards
  4 kobolds
  8 rats
73 creatures vanquished.

Notes
Turn   | Place    | Note
-------+----------+-------------------------------------------
     0 | D:1      | qw the Gargoyle Hexslinger began the quest for the Orb.
     0 | D:1      | Reached XP level 1. HP: 12/12 MP: 2/2
     0 | D:1      | 0 ||| qw: Version: 0.3-a-52-g30416fa
     0 | D:1      | 0 ||| qw: Game counter: 6710
     0 | D:1      | 0 ||| qw: Melee chars always use a shield: true
     0 | D:1      | 0 ||| qw: God list: Okawaru
     0 | D:1      | 0 ||| qw: Allow faded altars: false
     0 | D:1      | 0 ||| qw: Do Orc after clearing Dungeon:15 true
     0 | D:1      | 0 ||| qw: Do second Lair branch before Depths: true
     0 | D:1      | 0 ||| qw: Lair rune preference: random
     0 | D:1      | 0 ||| qw: Goals: Normal
     0 | D:1      | 0 ||| PLANNING D:1-11
    56 | D:1      | HP: 3/12 [quokka (1)]
    95 | D:1      | Reached XP level 2. HP: 16/16 MP: 3/3
   175 | D:1      | Reached skill level 3 in Ranged Weapons
   343 | D:1      | Reached XP level 3. HP: 21/21 MP: 4/4
   720 | D:1      | 720 ||| READING scroll labelled ENACZIM TYTYS.
   721 | D:1      | 721 ||| READING 2 scrolls labelled NARO JE ELA.
   722 | D:1      | 722 ||| DROPPING scroll of poison.
   889 | D:2      | Found Isiust's Jewellery Boutique.
   897 | D:2      | 897 ||| SHOPLISTING +5 ring of evasion (432 gold, have 82).
   897 | D:2      | 897 ||| SHOPLISTING +6 ring of dexterity (432 gold, have
                  | 82).
   897 | D:2      | 897 ||| SHOPLISTING amulet of reflection (360 gold, have
                  | 82).
   897 | D:2      | 897 ||| SHOPLISTING ring of ice (300 gold, have 82).
   897 | D:2      | 897 ||| SHOPLISTING ring of protection from cold (300 gold,
                  | have 82).
   897 | D:2      | 897 ||| SHOPLISTING ring of protection from fire (300 gold,
                  | have 82).
  1042 | D:2      | Reached XP level 4. HP: 26/26 MP: 5/5
  1278 | D:2      | Reached skill level 4 in Ranged Weapons
  1503 | D:2      | 1503 ||| DROPPING ring of magical power.
  1504 | D:2      | 1504 ||| READING scroll labelled QETIKIZ YTEMILY.
  1505 | D:2      | 1505 ||| READING scroll labelled NOIPNEMOWNO.
  1506 | D:2      | 1506 ||| READING scroll labelled BYBBAY UHIA.
  1510 | D:2      | 1510 ||| READING scroll labelled BIOCERR DOCISH.
  1511 | D:2      | 1511 ||| READING 3 scrolls labelled SUYNA KAMURR.
  1511 | D:2      | Identified 3 scrolls of acquirement
  1511 | D:2      | 1511 ||| ACQUIRING +3 antimagic orcbow
  1511 | D:2      | Acquired a +3 antimagic orcbow
  1513 | D:2      | 1513 ||| SWAPPING to +3 antimagic orcbow.
  1514 | D:2      | 1514 ||| DROPPING +1 sling.
  1515 | D:2      | 1515 ||| READING 2 scrolls of acquirement.
  1515 | D:2      | 1515 ||| ACQUIRING +2 pair of gloves of the Other Side {rC+
                  | Int+3 Stlth-}
  1515 | D:2      | Acquired the +2 pair of gloves of the Other Side {rC+ Int+3
                  | Stlth-}
  1516 | D:2      | 1516 ||| READING scroll of acquirement.
  1516 | D:2      | 1516 ||| ACQUIRING +0 pair of boots of Terror {*Slow Will+
                  | Str+2 Int+6}
  1516 | D:2      | Acquired the +0 pair of boots of Terror {*Slow Will+ Str+2
                  | Int+6}
  1518 | D:2      | 1518 ||| UPGRADING to +0 pair of boots of Terror {*Slow
                  | Will+ Str+2 Int+6}.
  1523 | D:2      | 1523 ||| UPGRADING to +2 pair of gloves of the Other Side
                  | {rC+ Int+3 Stlth-}.
  1528 | D:2      | 1528 ||| READING 2 scrolls of identify.
  1528 | D:2      | 1528 ||| IDENTIFYING metallic blue potion
  1529 | D:2      | 1529 ||| DROPPING potion of brilliance.
  2170 | D:3      | Found a basalt altar of Yredelemnul.
  2179 | D:3      | Found a radiant altar of Vehumet.
  2179 | D:3      | Found an ancient bone altar of Kikubaaqudgha.
  2186 | D:3      | Found a burning altar of Makhleb.
  2186 | D:3      | Found a hide-covered altar of Uskayaw.
  2337 | D:3      | Reached XP level 5. HP: 30/30 MP: 2/6
  2418 | D:3      | 2418 ||| UPGRADING to +0 leather armour.
  2428 | D:3      | 2428 ||| DROPPING +0 robe.
  2429 | D:3      | 2429 ||| READING scroll labelled SEF UWEFIHUPP.
  2430 | D:3      | 2430 ||| DRINKING 2 brown potions.
  2469 | D:4      | Found Joghec's Jewellery Emporium.
  2483 | D:4      | 2483 ||| SHOPLISTING +4 ring of slaying (936 gold, have
                  | 200).
  2483 | D:4      | 2483 ||| SHOPLISTING +5 ring of evasion (432 gold, have
                  | 200).
  2483 | D:4      | 2483 ||| SHOPLISTING +6 ring of strength (432 gold, have
                  | 200).
  2483 | D:4      | 2483 ||| SHOPLISTING amulet of reflection (360 gold, have
                  | 200).
  2542 | D:4      | Reached skill level 5 in Ranged Weapons
  2574 | D:4      | HP: 4/31 [orc priest/divine providence (13)]
  2575 | D:4      | 2575 ||| READING scroll of teleportation.
  2575 | D:4      | Killed from afar by an orc priest

Levels and vault maps discovered:
D:1:      zaba_arrival_water, layout_loops_ring, solitary_fountain
D:2:      layout_basic, serial_shops, shop
D:3:      minmay_spotlight, layout_loops_corners,
          minmay_overflow_temple_star_hex
D:4:      layout_basic, minmay_temple_entry_poolview,
          minmay_shop_enchanted_jewellery

Skill      XL: |  1  2  3  4  5 |
---------------+----------------+-----
Ranged Weapons | 3 4 5 |  5.0
Fighting       | 2 |  2.7
Dodging        | |  1.5
Spellcasting   | |  1.0
Hexes          | |  2.6

Action                     |  1- 3 |  4- 6 || total
---------------------------+-------+-------++-------
   Fire: Sling             |   136 |    24 ||   160
         Orcbow            |       |    79 ||    79
    Use: Scroll            |     2 |    10 ||    12
         Potion            |       |     1 ||     1
 Armour: Robe              |    23 |    21 ||    44
         Leather armour    |       |     3 ||     3
  Dodge: Dodged            |    42 |    57 ||    99

Table legend:
 A = Non-vault XP
 B = Vault XP
 C = Vault XP percentage of total XP
 D = Non-vault monster count
 E = Vault monster count
 F = Vault count percentage of total count
                 A         B        C        D         E       F
            +---------+---------+-------+---------+---------+-------
      Total |     245 |       7 |   2.8 |      69 |       4 |   5.5
            +---------+---------+-------+---------+---------+-------
        D:1 |      47 |       0 |   0.0 |      27 |       0 |   0.0
        D:2 |      61 |       0 |   0.0 |      18 |       0 |   0.0
        D:3 |      50 |       7 |  12.3 |      18 |       4 |  18.2
        D:4 |      87 |       0 |   0.0 |       6 |       0 |   0.0
            +---------+---------+-------+---------+---------+-------
